 Dungeon Crawl Stone Soup version 0.19-a0-1107-gc676ff4 (webtiles) character file.

106 HaroldButt the Digger (level 4, -1/24 HPs)
             Began as a Gargoyle Earth Elementalist on Aug 9, 2016.
             Slain by a river rat (5 damage)
             ... in a sewer.
             The game lasted 00:07:43 (2162 turns).

HaroldButt the Digger (Gargoyle Earth Elementalist) Turns: 2162, Time: 00:07:45

Health: -1/24      AC:  6    Str: 11    XL:     4   Next: 84%
Magic:  7/7        EV: 11    Int: 17    God:
Gold:   63         SH:  0    Dex: 10    Spells: 3 memorised, 1 level left

rFire  . . .     SeeInvis .     b - 110 stones
rCold  + . .     Gourm    .     c - +0 robe
rNeg   + . .     Faith    .     (no shield)
rPois  ∞         Spirit   .     (no helmet)
rElec  +         Dismiss  .     (no cloak)
rCorr  .         Reflect  .     (no gloves)
SustAt .         Harm     .     j - +0 pair of boots
MR     .....                    (no amulet)
Stlth  +.........               (no ring)
                                o - ring of protection from cold

@: drained
A: negative energy resistance 1, electricity resistance, unbreathing,
petrification resistance, rot immunity, AC +3
a: no special abilities


You were in a sewer.
You were hungry.

You visited 1 branch of the dungeon, and saw 3 of its levels.
You also visited: Sewer.

You collected 63 gold pieces.

Inventory:

Hand Weapons
 h - a +0 short sword
Missiles
 b - 110 stones (in hand)
Armour
 c - a +0 robe (worn)
 j - a +0 pair of boots (worn)
Jewellery
 o - a ring of protection from cold (left hand)
Scrolls
 k - a scroll of teleportation
Books
 e - a book of Geomancy

   Spells                             Type                      Level
   a - Sandblast                      Earth                        1
   b - Passwall                       Transmutation/Earth          2
   c - Stone Arrow                    Conjuration/Earth            3
   d - Petrify                        Transmutation/Earth          4
   e - Lee's Rapid Deconstruction     Earth                        5
 l - a book of Enchantments

   Spells                             Type                      Level
   a - Cause Fear                     Hexes                        4
   b - Yara's Violent Unravelling     Hexes/Transmutation          5
   c - Silence                        Hexes/Air                    5
   d - Deflect Missiles               Charms/Air                   6
   e - Haste                          Charms                       6
   f - Discord                        Hexes                        8
Comestibles
 d - 5 bread rations
 n - a meat ration
 p - 8 chunks of flesh


   Skills:
 - Level 1.5(0.6) Dodging
 - Level 2.1(1.2) Stealth
 - Level 2.0(1.0) Spellcasting
 - Level 0.7(0.0) Transmutations
 + Level 6.5(5.4) Earth Magic


You had one spell level left.
You knew the following spells:

 Your Spells              Type           Power        Failure   Level  Hunger
a - Sandblast             Erth           ###...       2%          1    ##.....
b - Passwall              Tmut/Erth      ##........   14%         2    ###....
c - Stone Arrow           Conj/Erth      ##....       24%         3    ####...


Dungeon Overview and Level Annotations

Branches:
Dungeon (3/15)

Altars:


Innate Abilities, Weirdness & Mutations

You are resistant to torment.
Your stone body is resilient. (AC +3)
You are immune to poison.
You resist negative energy. (rN+)
You are resistant to electric shocks. (rElec)
You can survive without breathing.
You are immune to petrification.
You are immune to rotting.


Message History

It was a potion of cancellation.
You feel magically purged. The river rat bites you.
* * * LOW HITPOINT WARNING * * *
The river rat barely misses you.
It was a potion of magic.
Magic courses through your body. The river rat misses you.
The river rat barely misses you.
Wield which item (- for none, * to show all)? (? for menu, Esc to quit)
b - 111 stones (in hand)
Casting: Sandblast
Confirm with . or Enter, or press ? or * to list all spells.
Aiming: Sandblast
Press: ? - help, Shift-Dir - straight line, f/p - river rat
Aim: a river rat (moderately wounded)
The rocky blast hits the river rat.
The river rat is severely wounded.
You are feeling hungry.
The river rat bites you.
* * * LOW HITPOINT WARNING * * *
The river rat bites you.
You die... ################ ≈≈...rr@rr∩....# ################

You could see 2 river rats and 2 rats.

Vanquished Creatures
  6 adders
  A river rat (Sewer)
  4 dart slugs
  A giant gecko (D:1)
  2 giant cockroaches (D:3)
  3 hobgoblins
  5 kobolds
  A quokka (D:2)
  2 ball pythons
  5 bats
  4 giant newts
  3 goblins
  3 rats
40 creatures vanquished.

Notes
Turn   | Place    | Note
-------+----------+-------------------------------------------
     0 | D:1      | HaroldButt the Gargoyle Earth Elementalist began the quest for the Orb.
     0 | D:1      | Reached XP level 1. HP: 10/10 MP: 3/3
   215 | D:1      | Reached skill level 4 in Earth Magic
   424 | D:1      | Reached XP level 2. HP: 15/15 MP: 3/5
   873 | D:1      | Reached skill level 5 in Earth Magic
   873 | D:1      | Reached XP level 3. HP: 18/19 MP: 6/6
  1103 | D:1      | Learned a level 2 spell: Passwall
  1107 | D:1      | Learned a level 3 spell: Stone Arrow
  1566 | D:2      | Reached XP level 4. HP: 19/24 MP: 1/7
  2100 | D:3      | Found a glowing drain.
  2123 | D:3      | Reached skill level 6 in Earth Magic
  2141 | Sewer    | Entered a sewer
  2162 | Sewer    | Slain by a river rat

Vault maps used:
D:1:      dpeg_arrival_water_temple_mockup, minmay_misc_feat_nine_boxes
D:3:      gup_sewer_entry_glass, first_bread, uniq_sigmund
Sewer:    sewer_kobolds

Skill      XL: |  1  2  3  4 |
---------------+-------------+-----
Earth Magic    | 4 5 6 |  6.5
Dodging        | |  1.5
Stealth        | |  2.1
Spellcasting   | |  2.0
Transmutations | |  0.7

Action                   |  1- 3 |  4- 6 || total
-------------------------+-------+-------++-------
Melee: Short sword       |    77 |    30 ||   107
 Cast: Sandblast         |    31 |    14 ||    45
  Use: Scroll            |       |     3 ||     3
       Potion            |       |     3 ||     3
 Stab: Sleeping          |     6 |     1 ||     7
  Eat: Chunk             |     3 |     2 ||     5
Armor: Robe              |    42 |    22 ||    64
Dodge: Dodged            |    80 |    29 ||   109
